General information
			
			
        
        - name: Local Game (BEAR_AND)
 
        - type: Ladder 1vs1/FFA
 
        - host: BEAR_AND
 
        - saver: BEAR_AND
 
        
map: aps\Download\ffas\RoundVillage NO AVIARY NO WORKSHOP NO TOWER 
        - players: 9
 
        - length: 66:52
 
        - speed: Fast
 - version: 1.22 W3XP
 - replay type:  

 
» download(837 KB)
Players
        team 1 (winner) 
              
              
BEAR_AND (
red | 181 APM | 12083 actions | 66:52)
              
 6 Paladin 
 3 Holy Light
 2 Divine Shield
 1 Resurrection
 6 Mountain King 
 3 Storm Bolt
 2 Bash
 1 Avatar
 
                » actions 
                
                | Assign group hotkey | 76 |  | 
| Basic commands | 77 |  | 
| Build / train | 171 |  | 
| Enter build submenu | 49 |  | 
| Enter hero's abilities submenu | 12 |  | 
| Give item / drop item | 6 |  | 
| Remove unit from queue | 11 |  | 
| Right click | 6263 |  | 
| Select / deselect | 1119 |  | 
| Select group hotkey | 4042 |  | 
| Use ability | 257 |  | 
                12083 total
 » units 
                
                | Peasant | 42 |  | 
| Footman | 6 |  | 
| Priest | 19 |  | 
| Knight | 10 |  | 
| Spell Breaker | 12 |  | 
| Rifleman | 4 |  | 
                93 total
 » upgrades
                
                | Masonry | 3 |  | 
| Lumber Harvesting | 2 |  | 
| Defend | 1 |  | 
| Priest Training | 2 |  | 
| Animal War Training | 1 |  | 
| Magic Sentry | 1 |  | 
| Armor | 2 |  | 
| Plating | 3 |  | 
| Control Magic | 1 |  | 
| Sorceress Training | 1 |  | 
| Swords | 3 |  | 
| Gunpowder | 2 |  | 
                22 total
 » buildings
                
                | Altar of Kings | 1 |  | 
| Barracks | 2 |  | 
| Farm | 13 |  | 
| Scout Tower | 5 |  | 
| Keep | 1 |  | 
| Lumber Mill | 2 |  | 
| Arcane Vault | 1 |  | 
| Castle | 1 |  | 
| Arcane Sanctum | 2 |  | 
| Blacksmith | 2 |  | 
| Town Hall | 12 |  | 
                42 total
 » build order
                00:07 Altar of Kings
00:19 Barracks
00:33 Farm
00:49 Farm
01:31 Farm
01:32 Farm
02:24 Scout Tower
02:45 Scout Tower
03:19 Keep
04:06 Scout Tower
04:09 Lumber Mill
04:33 Arcane Vault
05:30 Scout Tower
06:03 Castle
06:21 Farm
06:29 Farm
06:40 Farm
06:48 Farm
07:36 Arcane Sanctum
08:28 Blacksmith
08:40 Blacksmith
11:21 Scout Tower
14:38 Lumber Mill
16:01 Town Hall
16:33 Farm
16:34 Farm
18:59 Town Hall
26:50 Farm
26:50 Farm
26:51 Farm
27:26 Barracks
28:17 Arcane Sanctum
32:13 Town Hall
36:40 Town Hall
41:29 Town Hall
48:49 Town Hall
51:03 Town Hall
51:06 Town Hall
51:09 Town Hall
56:18 Town Hall
57:54 Town Hall
62:41 Town Hall
» items
                
                | Scroll of Regeneration | 4 |  | 
| Lesser Clarity Potion | 6 |  | 
| Staff of Sanctuary | 2 |  | 
| Scroll of Town Portal | 13 |  | 
| Potion of Mana | 3 |  | 
                28 total
  
               team 2 (loser) 
              
              
bLinn (
orange | 99 APM | 6595 actions | 66:50)
              
 6 Paladin 
 3 Holy Light
 2 Divine Shield
 1 Resurrection
 7 Mountain King 
 3 Storm Bolt
 3 Bash
 1 Avatar
 5 Archmage 
 3 Brilliance Aura
 2 Summon Water Elemental
 
                » actions 
                
                | Assign group hotkey | 86 |  | 
| Basic commands | 77 |  | 
| Build / train | 138 |  | 
| ESC pressed | 2 |  | 
| Enter build submenu | 35 |  | 
| Enter hero's abilities submenu | 19 |  | 
| Give item / drop item | 11 |  | 
| Remove unit from queue | 13 |  | 
| Right click | 2921 |  | 
| Select / deselect | 1135 |  | 
| Select group hotkey | 1885 |  | 
| Use ability | 273 |  | 
                6595 total
 » units 
                
                | Peasant | 17 |  | 
| Footman | 10 |  | 
| Rifleman | -3 |  | 
| Priest | 7 |  | 
| Sorceress | 5 |  | 
| Spell Breaker | 3 |  | 
| Knight | 4 |  | 
                43 total
 » upgrades
                
                | Defend | 1 |  | 
| Plating | 3 |  | 
| Sorceress Training | 2 |  | 
| Priest Training | 2 |  | 
| Swords | 3 |  | 
| Animal War Training | 1 |  | 
| Control Magic | 1 |  | 
| Lumber Harvesting | 1 |  | 
| Masonry | 1 |  | 
| Magic Sentry | 1 |  | 
                16 total
 » buildings
                
                | Altar of Kings | 1 |  | 
| Farm | 16 |  | 
| Barracks | 3 |  | 
| Arcane Vault | 1 |  | 
| Keep | 2 |  | 
| Lumber Mill | 1 |  | 
| Blacksmith | 1 |  | 
| Arcane Sanctum | 5 |  | 
| Castle | 3 |  | 
| Town Hall | 1 |  | 
| Scout Tower | 1 |  | 
                35 total
 » build order
                00:01 Altar of Kings
00:07 Farm
00:19 Barracks
00:41 Farm
01:50 Arcane Vault
01:58 Farm
03:12 Keep
03:12 Keep
04:50 Farm
05:09 Lumber Mill
05:15 Blacksmith
06:09 Arcane Sanctum
07:11 Arcane Sanctum
07:12 Arcane Sanctum
07:29 Arcane Sanctum
08:00 Farm
08:01 Farm
08:02 Farm
08:03 Farm
08:04 Farm
08:07 Farm
11:55 Castle
11:56 Castle
11:56 Castle
23:51 Farm
23:52 Farm
23:53 Farm
23:54 Farm
23:54 Farm
23:55 Farm
23:58 Barracks
29:26 Barracks
29:29 Arcane Sanctum
36:16 Town Hall
39:48 Scout Tower
» items
                
                | Scroll of Regeneration | 4 |  | 
| Lesser Clarity Potion | 12 |  | 
| Mechanical Critter | 1 |  | 
| Potion of Mana | 2 |  | 
| Potion of Healing | 3 |  | 
| Scroll of Town Portal | 5 |  | 
| Staff of Sanctuary | 3 |  | 
| Orb of Fire | 2 |  | 
                32 total
  
               team 3 (loser) 
              
              
p.rower (
gray | 135 APM | 8975 actions | 66:43)
              
 5 Archmage 
 3 Blizzard
 2 Brilliance Aura
 6 Mountain King 
 3 Storm Bolt
 2 Thunder Clap
 1 Avatar
 5 Paladin 
 3 Holy Light
 2 Divine Shield
 
                » actions 
                
                | Assign group hotkey | 177 |  | 
| Basic commands | 160 |  | 
| Build / train | 162 |  | 
| ESC pressed | 3 |  | 
| Enter build submenu | 60 |  | 
| Enter hero's abilities submenu | 17 |  | 
| Remove unit from queue | 2 |  | 
| Right click | 4259 |  | 
| Select / deselect | 1671 |  | 
| Select group hotkey | 2005 |  | 
| Use ability | 459 |  | 
                8975 total
 » units 
                
                | Peasant | 35 |  | 
| Footman | 5 |  | 
| Priest | 11 |  | 
| Goblin Zeppelin | 9 |  | 
| Knight | 16 |  | 
| Sorceress | 8 |  | 
| Spell Breaker | 1 |  | 
| Goblin Sapper | 9 |  | 
                94 total
 » upgrades
                
                | Priest Training | 2 |  | 
| Animal War Training | 1 |  | 
| Plating | 3 |  | 
| Sorceress Training | 2 |  | 
| Swords | 3 |  | 
| Lumber Harvesting | 2 |  | 
                13 total
 » buildings
                
                | Altar of Kings | 1 |  | 
| Farm | 36 |  | 
| Barracks | 4 |  | 
| Keep | 4 |  | 
| Arcane Vault | 1 |  | 
| Arcane Sanctum | 3 |  | 
| Castle | 5 |  | 
| Lumber Mill | 3 |  | 
| Blacksmith | 2 |  | 
| Town Hall | 6 |  | 
                65 total
 » build order
                00:09 Altar of Kings
00:12 Farm
01:15 Barracks
01:35 Farm
02:43 Farm
03:09 Keep
03:09 Keep
03:21 Arcane Vault
05:25 Farm
06:00 Arcane Sanctum
06:02 Arcane Sanctum
06:04 Castle
06:04 Castle
06:27 Farm
06:42 Farm
07:02 Lumber Mill
07:04 Lumber Mill
07:57 Blacksmith
08:45 Farm
10:58 Farm
12:30 Farm
13:03 Farm
13:13 Town Hall
14:36 Farm
15:16 Farm
16:43 Farm
17:56 Farm
18:02 Farm
18:05 Farm
18:06 Farm
19:07 Town Hall
19:26 Farm
21:19 Farm
24:14 Farm
29:15 Town Hall
29:22 Town Hall
29:37 Town Hall
35:23 Town Hall
43:20 Farm
43:22 Farm
44:43 Farm
44:52 Keep
44:52 Keep
47:13 Castle
47:13 Castle
47:13 Castle
49:09 Barracks
49:10 Barracks
49:42 Barracks
49:43 Farm
49:43 Farm
49:44 Farm
50:11 Farm
50:12 Farm
50:12 Farm
50:59 Farm
51:00 Farm
51:01 Blacksmith
51:06 Farm
51:07 Farm
51:10 Farm
52:04 Lumber Mill
53:02 Farm
53:38 Arcane Sanctum
56:13 Farm
» items
                
                | Scroll of Regeneration | 1 |  | 
| Lesser Clarity Potion | 2 |  | 
| Potion of Lesser Invulnerability | 2 |  | 
| Staff of Sanctuary | 2 |  | 
| Scroll of Town Portal | 9 |  | 
| Potion of Healing | 1 |  | 
| Potion of Mana | 1 |  | 
                18 total
  
               team 4 (loser) 
              
              
dropkickmonday (
blue | 128 APM | 3158 actions | 24:45)
              
 4 Archmage 
 2 Summon Water Elemental
 2 Brilliance Aura
 2 Mountain King 
 1 Storm Bolt
 1 Thunder Clap
 
                » actions 
                
                | Assign group hotkey | 46 |  | 
| Basic commands | 6 |  | 
| Build / train | 71 |  | 
| ESC pressed | 4 |  | 
| Enter build submenu | 27 |  | 
| Enter hero's abilities submenu | 6 |  | 
| Give item / drop item | 1 |  | 
| Right click | 1739 |  | 
| Select / deselect | 500 |  | 
| Select group hotkey | 674 |  | 
| Use ability | 83 |  | 
                3158 total
 » units 
                
                | Peasant | 11 |  | 
| Footman | 5 |  | 
| Priest | 8 |  | 
| Spell Breaker | 5 |  | 
| Knight | 5 |  | 
| Sorceress | 1 |  | 
                35 total
 » upgrades
                
                | Plating | 1 |  | 
| Priest Training | 2 |  | 
| Swords | 2 |  | 
| Lumber Harvesting | 1 |  | 
| Control Magic | 1 |  | 
| Animal War Training | 2 |  | 
| Sorceress Training | 1 |  | 
                10 total
 » buildings
                
                | Altar of Kings | 1 |  | 
| Farm | 11 |  | 
| Barracks | 2 |  | 
| Arcane Vault | 1 |  | 
| Keep | 2 |  | 
| Blacksmith | 1 |  | 
| Lumber Mill | 1 |  | 
| Arcane Sanctum | 2 |  | 
| Castle | 2 |  | 
| Town Hall | 1 |  | 
                24 total
 » build order
                00:07 Altar of Kings
00:18 Farm
00:33 Barracks
00:56 Farm
01:56 Arcane Vault
02:40 Keep
02:40 Keep
03:12 Blacksmith
03:15 Farm
03:58 Lumber Mill
04:36 Farm
06:03 Arcane Sanctum
06:06 Arcane Sanctum
06:47 Farm
08:25 Farm
09:40 Farm
12:11 Castle
12:11 Castle
13:07 Farm
14:39 Farm
15:51 Farm
16:22 Farm
16:36 Barracks
24:00 Town Hall
» items
                
                | Scroll of Regeneration | 3 |  | 
| Lesser Clarity Potion | 3 |  | 
| Mechanical Critter | 1 |  | 
| Scroll of Town Portal | 4 |  | 
| Staff of Sanctuary | 1 |  | 
                12 total
  
               team 5 (loser) 
              
              
Chopstix (
dark-green | 59 APM | 1943 actions | 32:55)
              
 5 Blood Mage 
 3 Flame Strike
 1 Siphon Mana
 1 Banish
 3 Mountain King 
 2 Storm Bolt
 1 Thunder Clap
 
                » actions 
                
                | Assign group hotkey | 29 |  | 
| Basic commands | 98 |  | 
| Build / train | 103 |  | 
| ESC pressed | 7 |  | 
| Enter build submenu | 37 |  | 
| Enter hero's abilities submenu | 8 |  | 
| Give item / drop item | 1 |  | 
| Remove unit from queue | 1 |  | 
| Right click | 705 |  | 
| Select / deselect | 458 |  | 
| Select group hotkey | 345 |  | 
| Use ability | 150 |  | 
                1943 total
 » units 
                
                | Peasant | 34 |  | 
| Footman | 12 |  | 
| Rifleman | 3 |  | 
| Priest | 3 |  | 
| Sorceress | 5 |  | 
| Spell Breaker | 4 |  | 
| Knight | 6 |  | 
                67 total
 » upgrades
                
                | Masonry | 1 |  | 
| Swords | 2 |  | 
| Lumber Harvesting | 2 |  | 
| Sorceress Training | 2 |  | 
| Plating | 1 |  | 
| Animal War Training | 1 |  | 
| Priest Training | 1 |  | 
                10 total
 » buildings
                
                | Altar of Kings | 3 |  | 
| Farm | 18 |  | 
| Barracks | 4 |  | 
| Arcane Vault | 2 |  | 
| Keep | 2 |  | 
| Lumber Mill | 3 |  | 
| Blacksmith | 2 |  | 
| Arcane Sanctum | 2 |  | 
| Castle | 1 |  | 
| Town Hall | 1 |  | 
                38 total
 » build order
                00:10 Altar of Kings
00:12 Farm
00:21 Barracks
01:02 Farm
01:06 Farm
02:16 Arcane Vault
02:28 Farm
03:40 Farm
04:12 Keep
04:12 Keep
04:29 Lumber Mill
04:35 Blacksmith
05:36 Barracks
06:15 Farm
07:55 Arcane Sanctum
07:58 Farm
08:32 Arcane Sanctum
11:25 Farm
11:59 Castle
12:31 Town Hall
18:39 Lumber Mill
22:24 Altar of Kings
23:11 Farm
23:33 Altar of Kings
24:15 Barracks
24:51 Farm
24:54 Farm
24:56 Farm
24:58 Farm
25:00 Farm
26:05 Barracks
26:34 Arcane Vault
27:08 Farm
27:14 Farm
27:43 Farm
28:23 Farm
28:41 Blacksmith
29:41 Lumber Mill
» items
                
                | Lesser Clarity Potion | 4 |  | 
| Scroll of Regeneration | 5 |  | 
| Mechanical Critter | 2 |  | 
| Scroll of Town Portal | 1 |  | 
                12 total
  
               team 6 (loser) 
              
              
joltx (
teal | 35 APM | 2328 actions | 66:50)
              
 5 Archmage 
 3 Summon Water Elemental
 2 Brilliance Aura
 4 Mountain King 
 2 Storm Bolt
 2 Bash
 
                » actions 
                
                | Assign group hotkey | 18 |  | 
| Basic commands | 243 |  | 
| Build / train | 81 |  | 
| ESC pressed | 1 |  | 
| Enter build submenu | 21 |  | 
| Enter hero's abilities submenu | 9 |  | 
| Remove unit from queue | 3 |  | 
| Right click | 826 |  | 
| Select / deselect | 830 |  | 
| Select group hotkey | 183 |  | 
| Use ability | 113 |  | 
                2328 total
 » units 
                
                | Peasant | 14 |  | 
| Footman | 10 |  | 
| Sorceress | 7 |  | 
| Priest | 8 |  | 
| Spell Breaker | 3 |  | 
| Rifleman | 1 |  | 
| Knight | 8 |  | 
                51 total
 » upgrades
                
                | Plating | 3 |  | 
| Sorceress Training | 1 |  | 
| Priest Training | 2 |  | 
| Animal War Training | 1 |  | 
| Swords | 2 |  | 
| Control Magic | 1 |  | 
                10 total
 » buildings
                
                | Altar of Kings | 1 |  | 
| Farm | 11 |  | 
| Barracks | 2 |  | 
| Arcane Vault | 1 |  | 
| Keep | 1 |  | 
| Arcane Sanctum | 2 |  | 
| Blacksmith | 1 |  | 
| Castle | 1 |  | 
| Town Hall | 2 |  | 
| Lumber Mill | 1 |  | 
                23 total
 » build order
                00:04 Altar of Kings
00:08 Farm
00:10 Farm
01:02 Barracks
01:56 Barracks
03:24 Arcane Vault
03:27 Keep
03:52 Farm
03:54 Farm
03:55 Farm
05:15 Farm
05:16 Farm
05:19 Farm
05:20 Farm
05:51 Arcane Sanctum
07:26 Arcane Sanctum
08:03 Blacksmith
09:05 Farm
09:06 Farm
11:14 Castle
17:06 Town Hall
18:32 Lumber Mill
18:38 Town Hall
» items
                
                | Lesser Clarity Potion | 1 |  | 
| Potion of Healing | 1 |  | 
| Scroll of Town Portal | 1 |  | 
                3 total
  
               team 7 (loser) 
              
              
Rezifut (
purple | 79 APM | 4328 actions | 55:02)
              
 3 Mountain King 
 2 Storm Bolt
 1 Bash
 2 Paladin 
 1 Holy Light
 1 Devotion Aura
 
                » actions 
                
                | Assign group hotkey | 221 |  | 
| Basic commands | 17 |  | 
| Build / train | 104 |  | 
| ESC pressed | 1 |  | 
| Enter build submenu | 42 |  | 
| Enter hero's abilities submenu | 8 |  | 
| Give item / drop item | 4 |  | 
| Remove unit from queue | 10 |  | 
| Right click | 2701 |  | 
| Select / deselect | 695 |  | 
| Select group hotkey | 426 |  | 
| Use ability | 96 |  | 
                4328 total
 » units 
                
                | Peasant | 24 |  | 
| Footman | 9 |  | 
| Sorceress | 10 |  | 
| Priest | 11 |  | 
| Spell Breaker | 6 |  | 
| Knight | 7 |  | 
                67 total
 » upgrades
                
                | Sorceress Training | 2 |  | 
| Priest Training | 2 |  | 
| Masonry | 3 |  | 
| Lumber Harvesting | 1 |  | 
| Magic Sentry | 0 |  | 
| Control Magic | 1 |  | 
| Swords | 2 |  | 
| Plating | 2 |  | 
| Animal War Training | 1 |  | 
                14 total
 » buildings
                
                | Altar of Kings | 2 |  | 
| Farm | 13 |  | 
| Barracks | 1 |  | 
| Lumber Mill | 1 |  | 
| Scout Tower | 1 |  | 
| Keep | 1 |  | 
| Arcane Vault | 1 |  | 
| Arcane Sanctum | 2 |  | 
| Castle | 1 |  | 
| Blacksmith | 1 |  | 
| Town Hall | 2 |  | 
                26 total
 » build order
                00:05 Altar of Kings
00:18 Farm
00:33 Barracks
01:14 Farm
01:55 Farm
02:16 Lumber Mill
02:46 Scout Tower
03:06 Farm
03:34 Keep
04:03 Arcane Vault
04:34 Farm
04:45 Farm
06:00 Arcane Sanctum
06:08 Arcane Sanctum
09:08 Castle
10:52 Farm
12:27 Farm
16:27 Blacksmith
17:15 Farm
17:17 Farm
19:13 Farm
22:02 Town Hall
31:05 Altar of Kings
33:24 Town Hall
41:11 Farm
41:22 Farm
» items
                
                | Scroll of Regeneration | 1 |  | 
| Lesser Clarity Potion | 1 |  | 
| Mechanical Critter | 2 |  | 
                4 total
  
               team 8 (loser) 
              
              
iggy_the_fisk (
yellow | 117 APM | 7807 actions | 66:50)
              
 8 Mountain King 
 3 Storm Bolt
 3 Bash
 1 Avatar
 1 Thunder Clap
 7 Paladin 
 3 Holy Light
 3 Divine Shield
 1 Resurrection
 7 Archmage 
 3 Brilliance Aura
 3 Blizzard
 1 Mass Teleport
 
                » actions 
                
                | Assign group hotkey | 347 |  | 
| Basic commands | 301 |  | 
| Build / train | 193 |  | 
| Enter build submenu | 34 |  | 
| Enter hero's abilities submenu | 22 |  | 
| Give item / drop item | 5 |  | 
| Remove unit from queue | 10 |  | 
| Right click | 3468 |  | 
| Select / deselect | 1301 |  | 
| Select group hotkey | 1794 |  | 
| Use ability | 332 |  | 
                7807 total
 » units 
                
                | Peasant | 42 |  | 
| Footman | 11 |  | 
| Priest | 19 |  | 
| Knight | 13 |  | 
| Spell Breaker | 3 |  | 
| Goblin Zeppelin | 8 |  | 
                96 total
 » upgrades
                
                | Defend | 1 |  | 
| Swords | 3 |  | 
| Plating | 3 |  | 
| Priest Training | 2 |  | 
| Lumber Harvesting | 2 |  | 
| Animal War Training | 1 |  | 
| Control Magic | 1 |  | 
| Masonry | 2 |  | 
                15 total
 » buildings
                
                | Altar of Kings | 1 |  | 
| Barracks | 2 |  | 
| Farm | 12 |  | 
| Arcane Vault | 3 |  | 
| Keep | 1 |  | 
| Blacksmith | 1 |  | 
| Castle | 2 |  | 
| Arcane Sanctum | 2 |  | 
| Lumber Mill | 2 |  | 
| Town Hall | 8 |  | 
                34 total
 » build order
                00:04 Altar of Kings
00:18 Barracks
00:24 Farm
00:55 Farm
01:40 Farm
02:46 Arcane Vault
03:56 Keep
04:24 Farm
05:10 Farm
05:14 Blacksmith
06:33 Castle
06:36 Arcane Sanctum
06:44 Lumber Mill
07:02 Town Hall
07:27 Farm
09:34 Castle
09:40 Town Hall
14:22 Barracks
15:14 Arcane Sanctum
18:12 Farm
18:13 Farm
20:11 Farm
20:12 Farm
23:52 Town Hall
25:53 Town Hall
25:56 Town Hall
28:17 Arcane Vault
28:19 Arcane Vault
30:27 Town Hall
35:17 Town Hall
35:40 Lumber Mill
35:48 Farm
36:00 Town Hall
49:10 Farm
» items
                
                | Scroll of Regeneration | 5 |  | 
| Lesser Clarity Potion | 2 |  | 
| Potion of Healing | 6 |  | 
| Potion of Mana | 5 |  | 
| Scroll of Town Portal | 14 |  | 
| Staff of Sanctuary | 3 |  | 
                35 total
  
               team 9 (loser) 
              
              
Mata. (
green | 0 APM | 0 actions | 00:04)
              
                Chat log
          (00:04 / All) p.rower: no ally colors = you a nooblet
(00:06 / All) Chopstix: oh yea....
(00:28 / All) p.rower: someone gonna get owned
(00:29 / All) p.rower: fyi
(01:06 / All) p.rower: i can still build scout towers btw
(01:09 / All) BEAR_AND: yep
(01:17 / All) bLinn: yep, but can't upgrade em 
(01:17 / All) p.rower: just checkin
(03:30 / All) p.rower: i was afk
(03:35 / All) p.rower: hahaha
(03:37 / All) BEAR_AND: 0 ping
(03:38 / All) BEAR_AND: wtf
(03:40 / All) p.rower: if i were paying attention
(03:43 / All) p.rower: that would have owned
(03:56 / All) bLinn: start of an ffa game *goes afk to buy a carton of milk*
(04:58 / All) dropkickmonday: balls
(05:06 / All) p.rower: nice host
(05:06 / All) bLinn: PLUGGER??
(09:29 / All) Chopstix: oh BULL
(10:34 / All) p.rower: wow
(10:35 / All) p.rower: gg
(11:27 / All) p.rower: haha
(11:28 / All) p.rower: gg x2
(12:50 / All) dropkickmonday: somehow i think i made more priests than i should have
(14:55 / All) p.rower: the drops on this map are kinda good
(15:11 / All) p.rower: gtfo blinn
(15:35 / All) p.rower: NO
(15:36 / All) p.rower: COME BACK
(15:39 / All) p.rower: DIE DIE DIE
(15:43 / All) bLinn: i was happy to go!!
(15:45 / All) p.rower: FUCK YOU
(16:05 / All) Rezifut: PILLAGE ME THEN RUN?
(16:59 / All) BEAR_AND: FUCK YOU
(16:59 / All) p.rower: owned
(16:59 / All) BEAR_AND: PROWER
(17:01 / All) p.rower: rofl
(17:36 / All) dropkickmonday: what the hell is happening
(17:55 / All) dropkickmonday: well this sucks
(18:03 / All) p.rower: wut
(18:13 / All) dropkickmonday: i got FUCKED up
(20:34 / All) dropkickmonday: good lord
(22:11 / All) Chopstix: gg
(22:31 / All) iggy_the_fisk: obs on defeat enjoy
(22:38 / All) dropkickmonday: stole all the fucking expos :(
(22:57 / All) p.rower: scared money don't make money
(23:45 / All) Chopstix: hello prower :)
(24:33 / All) iggy_the_fisk: this is why we back away when someone tps in..
(24:33 / All) Chopstix: the fisk machine is too great
(24:42 / All) dropkickmonday: yeah im gonna gg
(24:45 / All) dropkickmonday: i cant do shiittt
(24:54 / All) joltx: i dont know how to micro so im sol
(26:23 / All) Rezifut: WHY AM I BEING RAPED BY YOU BOTH
(26:39 / All) Chopstix: its a rape conspiracy
(26:40 / All) Rezifut: THIS IS GAY
(27:22 / All) p.rower: "arughrughrugh" - murloc 2008
(27:27 / All) bLinn: 2005
(27:32 / All) bLinn: og murloc
(27:38 / All) p.rower: you don't know a god damn thing abou tmurlocs
(27:45 / All) iggy_the_fisk: lmao chop
(27:55 / All) Chopstix: HELP ME CREEP FRIENDS
(28:51 / All) iggy_the_fisk: keep in mind obs on defeat!
(28:52 / All) p.rower: how dyou still have a footman this latei n the game
(29:01 / All) joltx: sick micro
(29:04 / All) Chopstix: iggy's rape train
(29:31 / All) iggy_the_fisk: cant militia sorry
(30:10 / All) p.rower: ah yes everyone moves out simultaneously
(30:13 / All) p.rower: as gold mines collapse
(31:02 / All) Chopstix: fukking magma golem
(31:51 / All) iggy_the_fisk: heya prow
(35:13 / All) p.rower: hi
(37:36 / All) joltx: at least i wasnt last
(37:47 / All) joltx: iggy and blinn team up to kill my buildings so i can obs
(40:20 / All) iggy_the_fisk: Piower
(40:21 / All) p.rower: nie host
(40:22 / All) bLinn: lag from the host IMO
(46:33 / All) BEAR_AND: ag
(47:36 / All) BEAR_AND: what is this roc shit
(49:08 / All) Rezifut: dunno
(49:12 / All) Rezifut: no one will finish me
(49:14 / All) Rezifut: im too strong
(50:25 / All) Rezifut: NICE SURROUND
(50:52 / All) bLinn: gg
(51:44 / All) p.rower: and then there were 4....
(54:37 / All) p.rower: if i had towers u guys would be so fukin dead righ tnow.
(54:59 / All) Rezifut: FUCK YOU GUYS IM PLAYING DOTA
(55:15 / All) p.rower: is anyone even obsing
(60:42 / All) p.rower: hope you like repairing
(60:57 / All) iggy_the_fisk: cease
(63:37 / All) p.rower: go away
(64:43 / All) p.rower: "it's not whether you win or lose....... it's how you play the game" - a sore loser
(66:13 / All) p.rower: much like in dota
(66:19 / All) p.rower: sometimes you can't help it when other people are fed
(66:40 / All) p.rower: i'm done
(66:40 / All) p.rower: gg